Map: Lock & Load

Players

monk

  • Race: Protoss Protoss
  • Spawn Location: 7:00

XxMaximusxX

  • Race: Terran Terran
  • Spawn Location: 6:00

VOD

Have the link to the VOD?

Description

Time

  • Played on: Aug. 23, 2017, 12:32 a.m.
  • Length: 20:14
Show
View Real Time Build Order
Export as new Build Order

monk Protoss 

Build Orders:  

Get SALT Encoding   

  12  0:00  Probe (Chrono Boost)  
  13  0:12  Probe (Chrono Boost)  
  14  0:24  Probe (Chrono Boost)  
  15  1:03  Nexus  
  15  1:13  Pylon  
  15  1:15  Probe (Chrono Boost)  
  16  1:27  Assimilator  
  16  1:28  Probe (Chrono Boost)  
  17  1:41  Assimilator, Probe (Chrono Boost)  
  18  1:53  Probe (Chrono Boost)  
  19  2:05  Probe (Chrono Boost)  
  19  2:09  Gateway  
  20  2:17  Probe (Chrono Boost)  
  20  2:29  Probe (Chrono Boost)  
  22  2:41  Probe (Chrono Boost)  
  22  2:43  Probe (Chrono Boost)  
  24  2:54  Probe (Chrono Boost)  
  24  2:55  Probe (Chrono Boost)  
  26  3:02  Solar Efficiency Level 1  
  26  3:06  Probe (Chrono Boost)  
  26  3:07  Probe (Chrono Boost)  
  27  3:18  Probe (Chrono Boost)  
  27  3:19  Sentinel (Chrono Boost)  
  28  3:27  Probe (Chrono Boost)  
  31  3:30  Probe (Chrono Boost)  
  33  3:40  Probe  
  33  3:41  Probe  
  35  3:50  Sentinel (Chrono Boost)  
  35  3:55  Probe  
  38  4:02  Probe  
  38  4:06  Pylon  
  38  4:09  Probe (Chrono Boost)  
  39  4:12  Protoss Ground Weapons Level 1 (Chrono Boost)  
  39  4:15  Probe (Chrono Boost)  
  41  4:25  Cybernetics Core  
  41  4:28  Probe (Chrono Boost)  
  41  4:29  Probe (Chrono Boost), Forge  
  43  4:40  Probe (Chrono Boost)  
  43  4:41  Probe (Chrono Boost)  
  45  4:52  Probe (Chrono Boost)  
  45  4:54  Assimilator  
  46  5:00  Probe (Chrono Boost)  
  46  5:02  Pylon  
  46  5:04  Probe (Chrono Boost)  
  46  5:08  Warp Gate  
  48  5:12  Probe (Chrono Boost)  
  48  5:18  Reconstruction  
  49  5:20  Probe (Chrono Boost)  
  49  5:21  Robotics Facility  
  49  5:24  Twilight Council, Probe (Chrono Boost)  
  51  5:37  Probe (Chrono Boost)  
  51  5:38  Probe (Chrono Boost)  
  51  5:39  Protoss Ground Weapons Level 2 (Chrono Boost)  
  51  5:40  Assimilator  
  36  5:50  Pylon, Probe (Chrono Boost)  
  53  5:52  Probe (Chrono Boost)  
  53  5:54  Immortal  
  53  5:58  Charge  
  55  6:04  Immortal  
  55  6:05  Probe (Chrono Boost)  
  58  6:49  Gateway  
  62  6:52  Gateway  
  62  6:56  Gateway  
  62  7:05  Gateway  
  62  7:07  Gateway  
  62  7:10  Pylon  
  62  7:18  Energizer  
  64  7:28  Reclamation  
  64  7:30  Immortal  
  68  7:57  Pylon  
  68  7:59  Energizer  
  70  8:12  Pylon  
  70  8:14  Sentinel, Pylon  
  70  8:15  Pylon  
  70  8:21  Observer  
  70  8:22  Protoss Ground Weapons Level 3 (Chrono Boost)  
  70  8:24  Energizer  
  70  8:25  Sentinel x4  
  81  8:38  Sentinel  
  83  8:57  Sentinel x2  
  83  8:58  Sentinel x3  
  93  9:02  Rapid Recharging  
  93  9:04  Immortal  
  93  9:09  Sentinel  
  93  9:12  Sentinel x2  
  93  9:13  Sentinel  
  93  9:14  Sentinel  
  93  9:16  Sentinel  
  93  9:17  Sentinel  
  93  9:19  Sentinel  
  96  9:24  Energizer  
  96  9:25  Sentinel  
  96  9:26  Sentinel  
  102  9:34  Pylon x2  
  102  9:48  Energizer x2  
  102  9:49  Sentinel  
  106  9:54  Probe  
  106  9:56  Pylon  
  106  9:58  Pylon  
  107  10:02  Immortal  
  111  10:14  Pylon  
  111  10:19  Energizer, Sentinel  
  113  10:20  Sentinel x3  
  119  10:34  Sentinel  
  119  10:35  Sentinel  
  119  10:43  Sentinel, Pylon  
  119  10:44  Sentinel x2  
  119  10:46  Sentinel  
  119  10:49  Energizer x2  
  123  10:50  Energizer  
  123  10:51  Sentinel x2  
  123  10:53  Pylon  
  123  10:56  Sentinel  
  131  11:04  Sentinel  
  131  11:09  Pylon  
  117  11:23  Probe  
  113  11:42  Photon Cannon  
  113  11:43  Sentinel, Photon Cannon  
  113  11:44  Photon Cannon  
  113  11:45  Energizer, Photon Cannon  
  113  11:46  Sentinel  
  115  11:50  Sentinel  
  115  11:51  Pylon  
  115  12:04  Energizer x2  
  115  12:05  Energizer x2  
  115  12:06  Sentinel  
  125  12:11  Sentinel  
  125  12:12  Sentinel  
  125  12:15  Sentinel  
  125  12:18  Sentinel, Pylon  
  119  12:25  Energizer x2  
  119  12:27  Sentinel x4  
  119  12:29  Sentinel  
  109  12:46  Sentinel  
  109  12:49  Sentinel  
  105  12:52  Sentinel  
  105  12:54  Energizer x2  
  105  12:55  Sentinel x4  
  105  12:56  Sentinel  
  113  13:03  Immortal (Chrono Boost)  
  113  13:04  Gateway x2  
  109  13:28  Sentinel x2  
  109  13:29  Sentinel x4  
  115  13:45  Pylon  
  115  13:47  Sentinel  
  115  13:49  Sentinel, Observer (Chrono Boost)  
  115  13:50  Sentinel  
  116  14:06  Sentinel  
  116  14:07  Sentinel x2  
  116  14:08  Sentinel x3  
  126  14:13  Sentinel  
  126  14:14  Sentinel  
  126  14:16  Sentinel  
  126  14:19  Sentinel  
  126  14:21  Sentinel  
  120  14:33  Immortal (Chrono Boost)  
  120  14:35  Sentinel x2  
  120  14:36  Sentinel x4  
  130  14:48  Sentinel  
  132  14:50  Sentinel  
  132  14:56  Energizer  
  132  14:57  Energizer x2  
  134  15:15  Observer (Chrono Boost)  
  134  15:18  Sentinel  
  133  15:30  Pylon  
  133  15:32  Energizer  
  133  15:33  Energizer x3  
  133  15:34  Sentinel x4  
  133  15:36  Observer (Chrono Boost)  
  146  16:01  Energizer  
  146  16:02  Sentinel x2  
  146  16:03  Sentinel x5  
  158  16:10  Sentinel  
  158  16:11  Sentinel  
  158  16:12  Immortal (Chrono Boost)  
  158  16:17  Sentinel, Pylon  
  158  16:25  Sentinel x2  
  158  16:27  Sentinel  
  158  16:28  Energizer  
  160  16:30  Sentinel  
  160  16:31  Energizer, Sentinel  
  160  16:32  Sentinel x6  
  160  16:33  Sentinel  
  160  16:35  Sentinel, Probe  
  160  16:36  Sentinel  
  175  16:42  Sentinel  
  175  16:46  Sentinel  
  175  16:51  Immortal (Chrono Boost)  
  177  17:00  Energizer x2  
  177  17:01  Sentinel x2  
  177  17:02  Sentinel x5  
  177  17:03  Sentinel x3  
  177  17:05  Sentinel  
  177  17:06  Sentinel, Pylon  
  177  17:07  Sentinel  
  177  17:08  Sentinel x2, Pylon  
  189  17:15  Sentinel  
  189  17:35  Sentinel x2  
  189  17:36  Sentinel x5  
  187  17:52  Immortal (Chrono Boost)  
  173  18:04  Sentinel x7  
  173  18:05  Sentinel  
  183  18:27  Sentinel  
  181  18:31  Immortal (Chrono Boost)  
  181  18:34  Sentinel  
  181  18:36  Pylon  
  181  18:37  Sentinel  
  179  18:41  Sentinel x3  
  179  18:42  Sentinel x4  
  179  18:44  Sentinel  
  179  18:45  Pylon  
  191  18:55  Sentinel x2  
  189  19:04  Sentinel  
  189  19:08  Sentinel  
  189  19:16  Sentinel  
  189  19:17  Sentinel x4  
Show
View Real Time Build Order
Export as new Build Order

XxMaximusxX Terran 

Build Orders:  

Get SALT Encoding   

  12  0:38  SCV  
  12  0:53  SCV  
  13  1:08  SCV  
  14  1:22  SCV  
Tags
 
Commander
KaraxRaynor
Matchup
Co-op
Replay Pack
Co-op Speedrun
Add a new tag
Caveats
  • Supply blocks, unpowered buildings, or Contaminate may cause inaccurate times.
  • Supply counts are checked every 10 seconds.